 Dungeon Crawl Stone Soup version 0.20-a0-731-gecde0bf (console) character file.

331 flowsnake the Slasher (level 6, -12/48 HPs)
             Began as a Centaur Gladiator on Feb 22, 2017.
             Mangled by an orc wizard
             ... wielding a +1 dagger of electrocution
              (19 damage)
             ... on level 4 of the Dungeon.
             The game lasted 00:07:22 (3782 turns).

flowsnake the Slasher (Centaur Gladiator)           Turns: 3782, Time: 00:07:23

Health: -12/48     AC:  9    Str: 16    XL:     6   Next: 26%
Magic:  6/6        EV: 10    Int:  9    God:
Gold:   203        SH:  0    Dex: 11    Spells: 5/5 levels left

rFire    . . .     SeeInvis .   a - +0 long sword
rCold    . . .     Gourm    .   b - +0 leather armour
rNeg     . . .     Faith    .   (no shield)
rPois    .         Spirit   .   c - +1 helmet
rElec    .         Reflect  .   p - +2 cloak
rCorr    .         Harm     +   (no gloves)
MR       .....                  (no barding)
Stlth    +.........             o - amulet of harm
Regen    0.2/turn               (no ring)
MPRegen  0.1/turn               m - ring of flight

@: slowed
A: hooves 3, deformed body, speed 2, tough skin 3
a: Evoke Flight


You were on level 4 of the Dungeon.
You were not hungry.

You visited 1 branch of the dungeon, and saw 4 of its levels.

You collected 203 gold pieces.

Inventory:

Hand Weapons
 a - a +0 long sword (weapon)
Missiles
 d - 3 throwing nets (quivered)
Armour
 b - a +0 leather armour (worn)
 c - a +1 helmet (worn)
 p - a +2 cloak (worn)
Jewellery
 g - an uncursed amulet of regeneration
 m - a ring of flight (left hand)
 o - an amulet of harm (around neck)
 r - an uncursed ring of stealth {unknown}
Scrolls
 e - 4 scrolls of teleportation
 n - a scroll of fog
 q - 3 scrolls of recharging
 t - a scroll of remove curse
Potions
 j - a potion of might
 k - a potion of agility {unknown}
 l - 2 potions of mutation
Comestibles
 f - 3 bread rations
 h - 8 chunks of flesh
 i - 3 royal jellies
 s - 3 meat rations


   Skills:
 - Level 2.0 Fighting
 + Level 6.5 Long Blades
 - Level 2.1 Throwing
 - Level 2.1 Dodging


You had 5 spell levels left.
You didn't know any spells.

Dungeon Overview and Level Annotations

Branches:
Dungeon (4/15)
 Temple: D:4-7

Altars:
Fedhas


Innate Abilities, Weirdness & Mutations

You have hooves in place of feet.
Armour fits poorly on your strangely shaped body.
You cover ground very quickly.
You have extremely tough skin. (AC +3)


Message History

You kick the orc wizard, but do no damage.
The orc wizard is severely wounded.
Something hits you but does no damage. The orc wizard closely misses you.
You riposte.
You hit the orc wizard but do no damage.
You kick the orc wizard, but do no damage.
The orc wizard is severely wounded.
Something hits you but does no damage. The orc wizard hits you with a dagger.
Some of the chunks of flesh in your inventory have rotted away.
You completely miss the orc wizard. Your kick misses the orc wizard.
The orc wizard is severely wounded.
Something hits you but does no damage.
You are electrocuted!
The orc wizard hits you with a dagger.
* * * LOW HITPOINT WARNING * * *
Something hits you but does no damage. The orc wizard casts a spell at you.
The puff of flame hits you!
* * * LOW HITPOINT WARNING * * *
Something hits you.
* * * LOW HITPOINT WARNING * * *
You are electrocuted!
You die...

█········÷······█ ········██
█··██··██·███·█·█
██████·██████·█·█
········████··██··██·██····█
█·█ █·█·█
··················██·██··███
█·█ █·█·█
████████████··█···██·██··█ ███
███·█ █··············█ █·█
█·······██·██·██ █·█
█·····<····██·█ ··· ███
█········████·█ ███
███·█████········█ █·█
██················█ █·█
█·······██········████·█
█··█·██·███············█
█··█·██·███·······█·██·█
█·······o█████·······█·█
█·██····{c··········██·█
██·██··█··········█████·█
·o·························█·█
·o··········█··█÷···█·>███·█·█
o██████···········████·█ █·█·█
███····[······██·███·█(█
██···█·██·)████·█·····█
█··········█ █·███·█·█
█·········██ █·███·█·█
█·········█ █·····█·█
██··███████ ███████·█
█··████████ █·[···█
█·········█ █·███·█
██·██████·█ █·█ █·█ ███ █·█
█·█ ███


You could see an orc wizard.

Vanquished Creatures
  2 orc priests (D:3)
  A hound (D:4)
  An orc wizard (D:4)
  Jessica (D:3)
  An iguana (D:4)
  Robin (D:3)
  5 adders
  3 oozes
  A worm (D:4)
  2 dart slugs
  2 leopard geckos
  2 orcs (D:3)
  A ball python (D:4)
  8 bats
  5 giant cockroaches
  11 goblins
  8 hobgoblins
  11 jackals
  7 kobolds
  5 frilled lizards
  7 rats
85 creatures vanquished.

Notes
Turn   | Place    | Note
-------+----------+-------------------------------------------
     0 | D:1      | flowsnake the Centaur Gladiator began the quest for the Orb.
     0 | D:1      | Reached XP level 1. HP: 17/17 MP: 1/1
    31 | D:1      | Reached skill level 3 in Long Blades
   141 | D:1      | Reached XP level 2. HP: 24/24 MP: 2/2
   590 | D:1      | Reached XP level 3. HP: 20/29 MP: 3/3
   816 | D:2      | Reached skill level 4 in Long Blades
  1237 | D:2      | Found a blossoming altar of Fedhas.
  1958 | D:3      | Reached XP level 4. HP: 35/36 MP: 4/4
  2015 | D:3      | Noticed Jessica
  2019 | D:3      | Killed Jessica
  2485 | D:3      | Reached skill level 5 in Long Blades
  2549 | D:3      | Reached XP level 5. HP: 35/41 MP: 5/5
  2741 | D:3      | Noticed Robin
  2749 | D:3      | Killed Robin
  3239 | D:4      | Reached skill level 6 in Long Blades
  3356 | D:4      | Reached XP level 6. HP: 48/48 MP: 6/6
  3782 | D:4      | Mangled by an orc wizard

Vault maps used:
D:1:      minmay_arrival_jagged
D:2:      nicolae_overflow_hidden_temple, first_bread, roderic_roman_lattice,
          minmay_statues_item
D:3:      uniq_jessica, uniq_robin
D:4:      minivault_26

Skill      XL: |  1  2  3  4  5 |
---------------+----------------+-----
Long Blades    | 3 4 5 6 |  6.5
Fighting       | |  2.0
Throwing       | |  2.1
Dodging        | |  2.1

Action                   |  1- 3 |  4- 6 || total
-------------------------+-------+-------++-------
Melee: Long sword        |    95 |   160 ||   255
       Kick              |    17 |    43 ||    60
  Use: Scroll            |     7 |     5 ||    12
       Potion            |       |     1 ||     1
  Eat: Chunk             |     1 |     1 ||     2
       Meat ration       |     1 |       ||     1
Armor: Leather armour    |    38 |    69 ||   107
Dodge: Dodged            |    48 |    88 ||   136
       Rpst.: Long sword |    15 |    28 ||    43
